 Seeded DCSS version 0.30.1-11-g7821555f0a (webtiles) character file.

Game seed: 10574354823592160604 (custom seed)

53 Psyclone the Conjurer (level 3, 19/19 HPs)
             Began as a Deep Elf Conjurer on Nov 18, 2023.
             Quit the game on level 2 of the Dungeon.
             The game lasted 00:03:45 (1474 turns).

Psyclone the Conjurer (Deep Elf Conjurer)           Turns: 1474, Time: 00:03:46

Health: 19/19      AC:  2    Str:  4    XL:     3   Next: 62%
Magic:  10/10      EV: 12    Int: 24    God:
Gold:   71         SH:  0    Dex: 13    Spells: 9/10 levels left

rFire   . . .        h - +4 dagger
rCold   . . .        (no shield)
rNeg    . . .        a - +0 robe
rPois   .            (helmet restricted)
rElec   .            (no cloak)
rCorr   .            (no gloves)
SInv    +            (no boots)
Will    .....        (no amulet)
Stlth   ++           e - ring of see invisible
HPRegen 0.23/turn    (no ring)
MPRegen 0.12/turn

%: random rage (9%)
@: no status effects
A: horns 1, berserk 2, inhibited regeneration, wild magic 1
a: no special abilities


You were on level 2 of the Dungeon.
You visited 1 branch of the dungeon, and saw 2 of its levels.

You collected 71 gold pieces.

Inventory:

Hand Weapons
 h - a +4 dagger (weapon)
Armour
 a - a +0 robe (worn)
Jewellery
 e - a ring of see invisible (left hand)
Wands
 k - a wand of digging (7)
Scrolls
 g - 2 scrolls of identify {unknown}
 i - a scroll of summoning {unknown}
Potions
 b - a potion of magic
 c - a potion of mutation
 d - a potion of brilliance {unknown}
 f - a potion of curing {unknown}
 j - a potion of berserk rage {unknown}
 l - a potion of experience {unknown}


   Skills:
 - Level 2.4 Dodging
 - Level 2.4 Stealth
 + Level 4.0 Spellcasting
 * Level 5.5 Conjurations


You had 9 spell levels left.
You knew the following spells:

 Your Spells              Type           Power      Damage    Failure   Level
a - Magic Dart            Conj           100%       1d8       2%          1

Your spell library contained the following spells:

 Spells                   Type           Power      Damage    Failure   Level
 Searing Ray              Conj           80%        2d7       3%          2
 Dazzling Flash           Conj/Hex       46%        N/A       14%         3
 Fulminant Prism          Conj/Hex       11%        3d8       38%         4
 Iskenderun's Mystic Bla  Conj/Tloc      23%        2d6       38%         4


Dungeon Overview and Level Annotations

Branches:
Dungeon (2/15) Zot: 10526

Altars:

Shops:
D:1 (


Innate Abilities, Weirdness & Mutations

You have a pair of small horns on your head.
You have an uncontrollable temper.
You do not regenerate when monsters are visible.
Your spells are a little harder to cast, but a little more powerful.


Message History

Press: ? - help, Shift-Dir - straight line, f/p - worm
Aim: a worm (moderately wounded, 100% to hit)
The magic dart hits the worm.
The worm is heavily wounded.
You now have 0/10 mp.
Casting: Magic Dart (safe; 2% risk of failure)
Confirm with . or Enter, or press ? or * to list all spells.
You don't have enough magic to cast this spell.
Unknown command.
Casting: Magic Dart (safe; 2% risk of failure)
Confirm with . or Enter, or press ? or * to list all spells.
You don't have enough magic to cast this spell.
Unknown command.
Casting: Magic Dart (safe; 2% risk of failure)
Confirm with . or Enter, or press ? or * to list all spells.
Aiming: Magic Dart (safe; 2% risk of failure)
Press: ? - help, Shift-Dir - straight line, f/p - worm
Aim: a worm (moderately wounded, 100% to hit)
The magic dart hits the worm!
The worm is severely wounded.
You now have 0/10 mp.
Casting: Magic Dart (safe; 2% risk of failure)
Confirm with . or Enter, or press ? or * to list all spells.
You don't have enough magic to cast this spell.
Unknown command.
You puncture the worm!
You kill the worm!
Your Spellcasting skill increases to level 4!
You start resting.
Magic restored.
MP restored: 10
l - a blue potion
There is a stone staircase leading up here.
You climb upwards.
There is a stone staircase leading down here.
You climb downwards.
There is a stone staircase leading up here.
Unknown command.
Unknown command.
Are you sure you want to abandon this character and quit the game? (Confirm with "yes".)

#.........#### ######...
#.........#.. ..#......
#.....รท...#.# #.#.#....
#.........#.#####.#.#....
#...............#.#.#....
#########.#..............
#<#...##..(.#.#....
#.###.#######...###
#.@...# ##### #######


There were no monsters in sight!

Vanquished Creatures
  An adder (D:2)
  2 worms (D:2)
  2 dart slugs
  3 ball pythons (D:1)
  3 endoplasms (D:1)
  A giant cockroach (D:1)
  2 goblins (D:1)
  3 hobgoblins (D:1)
  4 jackals (D:2)
  5 bats (D:1)
  3 kobolds (D:1)
  3 rats
32 creatures vanquished.

Notes
Turn   | Place    | Note
-------+----------+-------------------------------------------
     0 | D:1      | Psyclone the Deep Elf Conjurer began the quest for the Orb.
     0 | D:1      | Reached XP level 1. HP: 10/10 MP: 6/6
    60 | D:1      | Gained mutation: You sometimes lose your temper in combat.
                  | [potion of mutation]
    60 | D:1      | Gained mutation: You have an uncontrollable temper. [potion
                  | of mutation]
    60 | D:1      | Gained mutation: You do not regenerate when monsters are
                  | visible. [potion of mutation]
    60 | D:1      | Gained mutation: You have hidden genetic potential. [potion
                  | of mutation]
   275 | D:1      | Found Usoro's Weapon Shoppe.
   304 | D:1      | Reached XP level 2. HP: 15/15 MP: 5/8
   304 | D:1      | Gained mutation: Your spells are a little harder to cast,
                  | but a little more powerful. [hidden potential]
   559 | D:1      | Reached skill level 5 in Conjurations
  1095 | D:2      | Reached XP level 3. HP: 19/19 MP: 7/10
  1101 | D:2      | Gained mutation: You have a pair of small horns on your
                  | head. [hidden potential]
  1101 | D:2      | Lost mutation: You have hidden genetic potential. [hidden
                  | potential expressed]
  1474 | D:2      | Quit the game

Illustrated notes

Levels and vault maps discovered:
D:1:      doesnt_arrival_eight_statues, layout_loops_ring, serial_shops, shop
D:2:      layout_basic

Skill      XL: |  1  2  3 |
---------------+----------+-----
Conjurations   | 5 |  5.5
Spellcasting   | 4 |  4.0
Dodging        | |  2.4
Stealth        | |  2.4

Action                     || total
---------------------------++-------
  Melee: Dagger            ||     1
   Cast: Magic Dart        ||    65
    Use: Potion            ||     1
  Dodge: Dodged            ||     5
